 Dungeon Crawl Stone Soup version 0.21.1-1-g345015f (webtiles) character file.

3614 diana the Fighter (level 10, 0/123 HPs)
             Began as an Ogre Berserker on May 28, 2018.
             Was a Priest of Trog.
             Slain by a killer bee (4 damage)
             ... while paralysed
             ... on level 8 of the Dungeon.
             The game lasted 00:12:28 (6129 turns).

diana the Fighter (Ogre Berserker)                  Turns: 6129, Time: 00:12:28

Health: 0/123      AC:  4    Str: 29    XL:     10   Next: 11%
Magic:  10/10      EV:  1    Int:  8    God:    Trog [***...]
Gold:   469        SH:  0    Dex: 13    Spells: 9/9 levels left

rFire    + . .     SeeInvis .   A - +5 whip of the Known World {distort, rF+ Str-2 Dex+4}
rCold    . . .     Gourm    .   (no shield)
rNeg     . . .     Faith    .   b - +0 animal skin
rPois    .         Spirit   .   (helmet restricted)
rElec    .         Reflect  .   r - +0 cloak {MR+}
rCorr    .         Harm     .   (gloves unavailable)
MR       ++...                  (boots unavailable)
Stlth    +.........             (no amulet)
HPRegen  0.30/turn              u - +4 ring of evasion
MPRegen  0.12/turn              H - +6 ring of strength

@: paralysed, lethally poisoned (0 -> -12), berserk cooldown, slowed
A: large, unfitting armour, tough skin 1
a: Berserk, Trog's Hand, Burn Spellbooks, Renounce Religion


You were on level 8 of the Dungeon.
You worshipped Trog.
Trog was most pleased with you.
You were near starving.

You visited 1 branch of the dungeon, and saw 8 of its levels.

You collected 469 gold pieces.

Inventory:

Hand Weapons
 i - a +2 mace of protection
 A - the +5 whip of the Known World (weapon) {distort, rF+ Str-2 Dex+4}
   (You found it on level 4 of the Dungeon)

   It warps and distorts space around it.
   Unwielding it can cause banishment or high damage.
   It affects your strength (-2).
   It affects your dexterity (+4).
   It protects you from fire.
 K - the +8 spear of Compassion {freeze, Stlth+}
   (You found it on level 7 of the Dungeon)

   It has been specially enchanted to freeze those struck by it, causing extra
   injury to most foes and up to half again as much damage against particularly
   susceptible opponents.
   It can also slow down cold-blooded creatures.
   It makes you more stealthy.
Armour
 b - a +0 animal skin (worn)
 r - a +0 cloak of magic resistance (worn)
 D - a +0 pair of boots
 I - a +0 plate armour
Jewellery
 u - a +4 ring of evasion (left hand)
 y - an uncursed ring of resist corrosion
 H - a +6 ring of strength (right hand)
 J - an uncursed ring of protection from magic {unknown}
Wands
 s - a wand of flame (22)
 E - a wand of enslavement (21)
 F - a wand of polymorph (12)
 G - a wand of paralysis (21)
Scrolls
 d - 7 scrolls of teleportation
 e - 4 scrolls of enchant weapon {unknown}
 g - 5 scrolls of fear {unknown}
 h - 6 scrolls of identify
 l - 4 scrolls of noise {unknown}
 m - 3 scrolls of blinking {unknown}
 o - 2 scrolls of amnesia {unknown}
 v - a scroll of fog {unknown}
 w - a scroll of immolation {unknown}
 B - 2 scrolls of magic mapping {unknown}
 C - 2 scrolls of remove curse {unknown}
Potions
 a - a potion of lignification {unknown}
 f - 3 potions of might {unknown}
 j - 4 potions of brilliance {unknown}
 k - a potion of degeneration {unknown}
 n - 2 potions of agility {unknown}
 p - a potion of mutation {unknown}
 q - a potion of cancellation {unknown}
 t - 2 potions of curing {unknown}
 x - a potion of flight {unknown}
 z - a potion of invisibility {unknown}
Comestibles
 c - 7 rations


   Skills:
 * Level 14.7 Fighting
 + Level 8.0 Maces & Flails
 - Level 2.6 Dodging


You had 9 spell levels left.
You didn't know any spells.

Dungeon Overview and Level Annotations

Branches:
Dungeon (8/15)             Temple (0/1) D:7
   Lair: D:8-11

Altars:
Ashenzari
Fedhas

Annotations:
Abyss:1 Grinder, Pikel


Innate Abilities, Weirdness & Mutations

You are too large for most types of armour.
You have tough skin. (AC +1)


Message History

You feel sick.
You feel sick.
You see here a bat corpse.
You butcher the bat corpse.
You feel your anger nearly subside.
You feel sick.
Things that are here:
a chunk of flesh; a bat skeleton You are no longer berserk.
You pass out from exhaustion.
You feel yourself slow down.
You feel sick.
You feel sick. The killer bee stings you.
* * * LOW HITPOINT WARNING * * *
You feel sick. The killer bee completely misses you. The killer bee stings you!
* * * LOW HITPOINT WARNING * * *
You are more poisoned.
The killer bee poisons you!
* * * LOW HITPOINT WARNING * * *
You feel sick. The killer bee stings you.
You die...

.# #... .###...
.#..y# ##.....
###.....#
........#######
...............
......†.###########
........†y@........
.##########........
#........ ..
#........
..##########........
............(.......
....................
#..............###.#
#..............# .#


You could see a killer bee.

Vanquished Creatures
  The ghost of diana the Thaumaturge, a novice DECj of Sif Muna (D:7)
  A queen bee (D:8)
  3 ice beasts
  3 ogres
  A necrophage (D:6)
  2 centaurs
  3 bullfrogs
  Blork the orc (D:6)
  4 scorpions
  10 killer bees (D:8)
  2 wights (D:7)
  2 crimson imps (D:8)
  A quasit (D:5)
  3 hounds
  Crazy Yiuf (D:2)
  2 orc wizards (D:3)
  2 bullfrog skeletons
  Natasha (thrice) (D:3)
  2 iguanas (D:6)
  Ijyb (D:3)
  Terence (D:2)
  A worker ant (D:4)
  A hound skeleton (D:7)
  5 adders
  A shadow imp (D:6)
  An adder skeleton (D:5)
  A worm (D:3)
  3 dart slugs
  A leopard gecko (D:1)
  9 orcs
  9 bats
  5 giant cockroaches
  7 goblins
  8 hobgoblins
  7 jackals
  A quokka (D:3)
  4 kobolds
  A leopard gecko skeleton (D:5)
  7 rats
121 creatures vanquished.

Vanquished Creatures (others)
  A centaur (D:6)
  A wight (D:7)
  2 jellies (D:6)
  A worker ant zombie (D:6)
  An adder (D:6)
6 creatures vanquished.

Grand Total: 127 creatures vanquished

Notes
Turn   | Place    | Note
-------+----------+-------------------------------------------
     0 | D:1      | diana the Ogre Berserker began the quest for the Orb.
     0 | D:1      | Reached XP level 1. HP: 24/24 MP: 1/1
    58 | D:1      | Reached XP level 2. HP: 18/33 MP: 2/2
   422 | D:1      | Reached skill level 5 in Fighting
   454 | D:1      | Reached XP level 3. HP: 42/42 MP: 3/3
   468 | D:1      | Reached ** piety under Trog
  1096 | D:2      | Noticed Terence
  1109 | D:2      | Killed Terence
  1109 | D:2      | Reached XP level 4. HP: 39/52 MP: 4/4
  1247 | D:2      | Found a runed door.
  1583 | D:2      | Noticed Crazy Yiuf
  1590 | D:2      | Killed Crazy Yiuf
  1590 | D:2      | Reached skill level 6 in Fighting
  1878 | D:3      | Noticed Ijyb
  1887 | D:3      | Killed Ijyb
  1887 | D:3      | Reached XP level 5. HP: 40/61 MP: 5/5
  2272 | D:3      | Noticed Natasha
  2286 | D:3      | Killed Natasha
  2286 | D:3      | Reached skill level 7 in Fighting
  2579 | D:3      | Noticed Natasha
  2583 | D:3      | Killed Natasha
  2597 | D:3      | Reached XP level 6. HP: 66/71 MP: 6/6
  2917 | D:3      | Noticed Natasha
  3014 | D:3      | Killed Natasha
  3329 | D:4      | Reached skill level 8 in Fighting
  3503 | D:4      | Got a bloodstained whip
  3504 | D:4      | Identified the +5 whip of the Known World {distort, rF+ Str-2 Dex+4} (You found it on level 4 of the Dungeon)
  3618 | D:5      | Entered Level 5 of the Dungeon
  3627 | D:5      | Reached XP level 7. HP: 81/81 MP: 7/7
  3706 | D:5      | Reached skill level 9 in Fighting
  3930 | D:5      | Reached skill level 5 in Maces & Flails
  4009 | D:5      | Reached skill level 10 in Fighting
  4009 | D:5      | Reached XP level 8. HP: 36/93 MP: 8/8
  4452 | D:6      | Noticed Blork the orc
  4493 | D:6      | Noticed Grinder
  4505 | D:6      | Noticed Pikel
  4510 | D:6      | Banished Pikel
  4510 | D:6      | Reached skill level 11 in Fighting
  4546 | D:6      | Killed Blork the orc
  4585 | D:6      | Banished Grinder
  4585 | D:6      | Reached skill level 12 in Fighting
  4585 | D:6      | Reached XP level 9. HP: 87/106 MP: 9/9
  4627 | D:6      | Reached *** piety under Trog
  4785 | D:6      | Found a blossoming altar of Fedhas.
  4873 | D:6      | Found a shattered altar of Ashenzari.
  5128 | D:7      | Reached skill level 13 in Fighting
  5149 | D:7      | Noticed diana's ghost (novice DECj)
  5165 | D:7      | Killed diana's ghost
  5382 | D:7      | Found a staircase to the Ecumenical Temple.
  5738 | D:7      | Got an ancient spear
  5745 | D:7      | Identified the +8 spear of Compassion {freeze, Stlth+} (You found it on level 7 of the Dungeon)
  6076 | D:8      | Reached skill level 14 in Fighting
  6077 | D:8      | Noticed a queen bee
  6098 | D:8      | Killed a queen bee
  6102 | D:8      | Reached XP level 10. HP: 66/123 MP: 10/10
  6128 | D:8      | HP: 4/123 [killer bee (9)]
  6129 | D:8      | Slain by a killer bee

Skill      XL: |  1  2  3  4  5  6  7  8  9 10 |
---------------+-------------------------------+-----
Maces & Flails | 3 4 5 6 7 8 |  8.0
Fighting       | 5 6 7 8 10 12 14 | 14.7
Dodging        | |  2.6

Action                   |  1- 3 |  4- 6 |  7- 9 | 10-12 || total
-------------------------+-------+-------+-------+-------++-------
Melee: Mace              |    92 |   161 |       |       ||   253
       Whip              |       |     2 |   158 |    18 ||   178
Invok: Berserk           |       |     1 |     2 |       ||     3
       Trog's Hand       |       |       |     1 |       ||     1
  Use: Scroll            |       |       |     2 |       ||     2
 Stab: Sleeping          |     1 |       |     1 |       ||     2
  Eat: Chunk             |       |     4 |     4 |       ||     8
       Ration            |       |     2 |     1 |       ||     3
Armor: Animal skin       |    39 |    93 |    16 |       ||   148
Dodge: Dodged            |    81 |   129 |    95 |     6 ||   311
